 Dungeon Crawl Stone Soup version 0.30.1-9-gdf580d7c3d (webtiles) character file.

Game seed: 7558108331879334794

38193 cbfl8 the Severer (level 13, 0/116 HPs)
             Began as a Minotaur Berserker on Sept 25, 2023.
             Was a High Priest of Trog.
             Slain by a six-headed hydra (8 damage)
             ... on level 15 of the Dungeon.
             The game lasted 00:19:00 (17597 turns).

cbfl8 the Severer (Minotaur Berserker)             Turns: 17597, Time: 00:19:00

Health: 0/116      AC: 18    Str: 23    XL:     13   Next: 62%
Magic:  12/12      EV:  7    Int:  4    God:    Trog [*****.]
Gold:   1174       SH:  0    Dex: 12    Spells: 12/12 levels left

rFire   + . .        O - +4 hand axe (flame)
rCold   + . .        E - +0 kite shield
rNeg    . . .        N - +0 plate armour {rC+}
rPois   +            (helmet restricted)
rElec   +            (no cloak)
rCorr   .            (no gloves)
SInv    +            A - +1 pair of boots
Will    .....        I - amulet of faith Stlth
                     o - ring of poison resistance
HPRegen 0.39/turn    Q - ring "Biza" {+Blink rElec rF+ Dex-2 SInv}
MPRegen 0.13/turn

%: faith
@: confused, ambrosia-drunk
A: horns 2, retaliatory headbutt
a: Renounce Religion, Evoke Blink, Berserk, Trog's Hand, Brothers in Arms


You were on level 15 of the Dungeon.
You worshipped Trog.
Trog was extremely pleased with you.
You visited 1 branch of the dungeon, and saw 15 of its levels.
You also visited: Sewer.

You collected 1174 gold pieces.

Inventory:

Hand Weapons
 D - the +4 broad axe of Xozolo Koro {drain, rN+ Dex+2}
   (You acquired it on level 8 of the Dungeon)

   Dex:       It affects your dexterity (+2).
   rN:        It protects you from negative energy.
 O - a +4 hand axe of flaming (weapon)
 V - a +3 broad axe
Missiles
 x - a throwing net
Armour
 A - a +1 pair of boots (worn)
 E - a +0 kite shield (worn)
 N - a +0 plate armour of cold resistance (worn)
Jewellery
 o - a ring of poison resistance (left hand)
 I - an amulet of faith (around neck)
 Q - the ring "Biza" (right hand) {+Blink rElec rF+ Dex-2 SInv}
   (You found it on level 13 of the Dungeon)

   [ring of see invisible]

   Dex:       It affects your dexterity (-2).
   rF:        It protects you from fire.
   rElec:     It insulates you from electricity.
   SInv:      It lets you see invisible.
   +Blink:    It lets you blink.
 T - a ring of see invisible
Wands
 y - a wand of flame (16)
 B - a wand of digging (8)
 F - a wand of polymorph (8) (quivered)
 H - a wand of light (4)
Scrolls
 d - 5 scrolls of teleportation
 g - 2 scrolls of brand weapon {unknown}
 j - 4 scrolls of magic mapping
 r - 4 scrolls of enchant weapon
 s - 2 scrolls of silence
 t - a scroll of poison
 v - 6 scrolls of noise
 G - 3 scrolls of enchant armour
 J - 2 scrolls of fog {unknown}
 K - 2 scrolls of amnesia {unknown}
 R - 2 scrolls of immolation {unknown}
 S - a scroll of vulnerability {unknown}
Potions
 a - 2 potions of lignification {unknown}
 c - a potion of ambrosia
 f - 2 potions of curing {unknown}
 h - 3 potions of brilliance {unknown}
 i - 5 potions of might
 k - 4 potions of berserk rage
 l - 4 potions of degeneration {unknown}
 m - 6 potions of haste {unknown}
 n - a potion of invisibility {unknown}
 p - 2 potions of magic {unknown}
 q - 7 potions of mutation
 w - 6 potions of flight
 z - a potion of cancellation {unknown}
 C - 2 potions of resistance {unknown}
Miscellaneous
 b - a piece from Xom's chessboard (15/15)
 P - a condenser vane


   Skills:
 + Level 11.4 Fighting
 + Level 16.4 Axes
 + Level 12.5 Armour
 - Level 2.1 Dodging
 * Level 12.1 Shields
 * Level 9.0 Evocations


You had 12 spell levels left.
You didn't know any spells.
Your spell library was empty.

Dungeon Overview and Level Annotations

Branches:
Dungeon (15/15)            Temple (0/1) D:4            Lair (0/5) D:8
    Orc (0/2) D:9          Vaults (0/5) D:13          Sewer (visited)
 Depths: D:15

Altars:
Ashenzari
Dithmenos
Hepliaklqana
Okawaru
Qazlal
Sif Muna
Trog
Uskayaw
Xom
The Shining One

Shops:
D:12 [

Annotations:
D:4 2 transporters, gummiwulf's ghost, amateur DsBe


Innate Abilities, Weirdness & Mutations

You have a pair of horns on your head.
You reflexively headbutt those who attack you in melee.


Message History

The eight-headed hydra is heavily wounded.
You block the eight-headed hydra's attack.
The eight-headed hydra bites you.
You block the eight-headed hydra's attack.
The eight-headed hydra bites you.
You block the eight-headed hydra's attack. x2
The eight-headed hydra bites you but does no damage. x2
You hit the eight-headed hydra. You burn the eight-headed hydra.
The eight-headed hydra is heavily wounded.
The eight-headed hydra bites you but does no damage. x4
You block the eight-headed hydra's attack. x3
The eight-headed hydra barely misses you.
You hack one of the eight-headed hydra's heads off!
The flame cauterises the wound!
You hit the seven-headed hydra. You burn the seven-headed hydra.
Your headbutt misses the seven-headed hydra.
The seven-headed hydra is severely wounded.
The seven-headed hydra bites you. x2; The seven-headed hydra bites you! x3
* * * LOW HITPOINT WARNING * * *
The seven-headed hydra bites you!
* * * LOW HITPOINT WARNING * * *
The seven-headed hydra bites you but does no damage.
You lop one of the seven-headed hydra's heads off!
The flame cauterises the wound!
You slash the six-headed hydra! You burn the six-headed hydra.
The six-headed hydra is severely wounded.
Okay, then.
Okay, then.
Okay, then.
The six-headed hydra attacks as you move away!
You block the six-headed hydra's attack.
The six-headed hydra bites you but does no damage. x2
The six-headed hydra bites you!
* * * LOW HITPOINT WARNING * * *
The six-headed hydra bites you.
* * * LOW HITPOINT WARNING * * *
You block the six-headed hydra's attack.
You are confused.
You feel invigorated. The six-headed hydra bites you!
You die...

..# #.# #.#
### #.# #..
###.# #.# ..?#
#.#
#.#####+###
#.#
#.D........
#.#.#
##@###......
#.#.#
#...........
#<#.#
#.####.#.[..
#.#.# #.# ...
#.#.# #.# .#
#.#.# #.# .
#.#)#######.##
#............#
###.##..###.##


You could see a six-headed hydra.

Vanquished Creatures
  Jorgrun (D:12)
  4 vault guards
  A hydra (D:14)
  2 boulder beetles
  5 two-headed ogres
  5 centaur warriors
  A tengu warrior (D:10)
  Nergalle (D:10)
  5 skeletal warriors (D:14)
  An orb spider (shapeshifter) (D:13)
  Pikel (D:6)
  A wizard (D:14)
  A deep elf pyromancer (D:14)
  4 cyclopes
  2 manticores
  2 unseen horrors
  2 gargoyles
  2 efreet
  A kobold demonologist (D:11)
  A komodo dragon (D:7)
  A yaktaur (D:10)
  4 trolls
  A meliai (shapeshifter) (D:13)
  Prince Ribbit (D:5)
  21 slime creatures
  2 vampires
  A centaur simulacrum (D:12)
  4 wraiths
  9 yaks
  A wyvern (D:8)
  An unseen horror simulacrum (D:10)
  7 humans (D:13)
  11 vampire mosquitoes
  A steam dragon (D:8)
  4 acid dragons
  16 orc warriors
  2 sky beasts
  2 black bears
  4 boggarts (D:11)
  11 centaurs
  2 ogres
  A phantom (D:5)
  4 lemures (D:6)
  8 kobold brigands
  5 bullfrogs
  A gnoll sergeant (D:10)
  9 wights
  9 killer bees
  An electric eel (D:14)
  5 hounds
  6 orc priests
  5 sleepcaps
  2 gnoll boudas
  An iguana (D:6)
  A jelly (D:7)
  7 orc wizards
  16 gnolls
  11 adders
  3 river rats (Sewer)
  4 shadow imps
  A white imp (D:5)
  A worm (shapeshifter) (D:14)
  A worm (D:4)
  2 dart slugs
  52 orcs
  5 endoplasms
  6 giant cockroaches
  8 goblins
  8 hobgoblins
  43 kobolds
  5 quokkas
  6 ball pythons
  A bat (D:3)
  6 frilled lizards
  7 rats
400 creatures vanquished.

Vanquished Creatures (others)
  A vault guard (D:13)
  An orc wizard (D:8)
2 creatures vanquished.

Grand Total: 402 creatures vanquished

Notes
Turn   | Place    | Note
-------+----------+-------------------------------------------
     0 | D:1      | cbfl8 the Minotaur Berserker began the quest for the Orb.
     0 | D:1      | Reached XP level 1. HP: 19/19 MP: 0/0
    67 | D:1      | Reached skill level 1 in Shields
    92 | D:1      | Reached XP level 2. HP: 20/27 MP: 1/1
   205 | D:1      | Reached skill level 4 in Axes
  1021 | D:3      | Found a shimmering blue altar of Sif Muna.
  1046 | D:3      | Found a hazy altar of Hepliaklqana.
  1058 | D:3      | Found a bloodstained altar of Trog.
  1065 | D:3      | Reached XP level 3. HP: 13/33 MP: 0/2
  1180 | D:3      | Reached skill level 1 in Evocations
  1441 | D:3      | Found a stormy altar of Qazlal.
  1445 | D:3      | Reached ** piety under Trog
  1446 | D:3      | Reached XP level 4. HP: 37/40 MP: 3/3
  1866 | D:4      | Reached skill level 5 in Axes
  1869 | D:5      | Entered Level 5 of the Dungeon
  1953 | D:5      | Noticed a black bear
  1963 | D:5      | Killed a black bear
  1964 | D:5      | Reached XP level 5. HP: 47/47 MP: 4/4
  2358 | D:4      | Found a staircase to the Ecumenical Temple.
  2386 | D:4      | Reached XP level 6. HP: 46/53 MP: 5/5
  2671 | D:4      | Found a broken altar of Ashenzari.
  2688 | D:4      | Reached skill level 6 in Axes
  3006 | D:4      | Found a transporter.
  3017 | D:4      | Identified the +8 trident "Tuazaic" {venom, *Noise *Slow
                  | rPois Will+++}
  3017 | D:4      | Identified the +1 ring mail of the Five Visions {rN+}
  3017 | D:4      | Identified the +2 buckler of the Flute {rN+ Str+2}
  3099 | D:4      | Found a transporter.
  3269 | D:4      | Noticed gummiwulf's ghost (amateur DsBe)
  3503 | D:5      | Reached skill level 5 in Fighting
  3514 | D:5      | Noticed Prince Ribbit
  3529 | D:5      | Killed Prince Ribbit
  3530 | D:5      | Reached XP level 7. HP: 39/61 MP: 6/6
  3982 | D:6      | Reached skill level 7 in Axes
  4116 | D:6      | Noticed Pikel
  4130 | D:6      | Killed Pikel
  4131 | D:6      | Reached skill level 5 in Armour
  4131 | D:6      | Reached XP level 8. HP: 70/70 MP: 7/7
  4252 | D:6      | Reached skill level 8 in Axes
  4283 | D:6      | Found a glowing drain.
  4309 | D:6      | Reached skill level 5 in Shields
  4315 | Sewer    | Entered a sewer
  4380 | Sewer    | Reached *** piety under Trog
  5577 | D:7      | Reached skill level 9 in Axes
  5577 | D:7      | Reached XP level 9. HP: 68/75 MP: 8/8
  5640 | D:7      | Found a glowing golden altar of the Shining One.
  5640 | D:7      | Found a shadowy altar of Dithmenos.
  5971 | D:8      | Noticed a komodo dragon
  5999 | D:7      | Killed a komodo dragon
  6000 | D:7      | Reached skill level 10 in Axes
  6174 | D:8      | Found a hide-covered altar of Uskayaw.
  6177 | D:8      | Noticed a +0 hand axe
  6177 | D:8      | Noticed a +0 dagger
  6249 | D:8      | Reached **** piety under Trog
  6430 | D:8      | Identified a scroll of acquirement
  6431 | D:8      | Acquired the +4 broad axe of Xozolo Koro {drain, rN+ Dex+2}
  6459 | D:8      | Found a staircase to the Lair.
  6612 | D:8      | Found a shimmering altar of Xom.
  6664 | D:8      | Reached skill level 5 in Evocations
  6842 | D:9      | Noticed a two-headed ogre
  6848 | D:9      | Noticed a troll
  7270 | D:9      | Reached XP level 10. HP: 72/86 MP: 9/9
  7470 | D:9      | Reached skill level 11 in Axes
  7473 | D:9      | Found a staircase to the Orcish Mines.
  8640 | D:8      | Killed a two-headed ogre
  8640 | D:8      | Reached ***** piety under Trog
  8641 | D:8      | Reached skill level 12 in Axes
  9044 | D:9      | Found an iron altar of Okawaru.
  9159 | D:10     | Entered Level 10 of the Dungeon
  9379 | D:10     | Reached XP level 11. HP: 93/95 MP: 10/10
  9585 | D:10     | Noticed Nergalle
  9598 | D:10     | Killed Nergalle
  9808 | D:10     | Noticed a centaur warrior
  9824 | D:10     | Noticed a tengu warrior
 10213 | D:10     | Noticed a two-headed ogre
 10220 | D:10     | Killed a two-headed ogre
 10325 | D:10     | Noticed a centaur warrior
 10327 | D:10     | Noticed a boulder beetle
 10336 | D:10     | Killed a centaur warrior
 10350 | D:10     | Killed a boulder beetle
 10351 | D:10     | Reached skill level 13 in Axes
 10399 | D:10     | Killed a tengu warrior
 10843 | D:10     | Reached skill level 10 in Armour
 11774 | D:11     | Noticed a boulder beetle
 11889 | D:11     | Received a gift from Trog
 11933 | D:11     | Noticed a two-headed ogre
 11939 | D:11     | Killed a two-headed ogre
 12511 | D:12     | Noticed a two-headed ogre
 12520 | D:12     | Killed a two-headed ogre
 12521 | D:12     | Reached skill level 14 in Axes
 12521 | D:12     | Reached XP level 12. HP: 71/106 MP: 11/11
 12829 | D:12     | Reached skill level 10 in Shields
 13049 | D:12     | Noticed Jorgrun
 13052 | D:12     | Reached skill level 10 in Fighting
 13172 | D:12     | Killed Jorgrun
 13545 | D:12     | Found Lueff's Antique Armour Boutique.
 13759 | D:13     | Noticed a centaur warrior
 13973 | D:12     | Killed a centaur warrior
 14534 | D:12     | Reached skill level 15 in Axes
 14588 | D:13     | Killed a vault guard
 14730 | D:13     | Identified the ring "Biza" {+Blink rElec rF+ Dex-2 SInv}
 15286 | D:13     | Noticed a vault guard
 15286 | D:13     | Noticed a vault guard
 15292 | D:13     | Noticed a vault guard
 15297 | D:13     | Killed a vault guard
 15297 | D:13     | Noticed a vault guard
 15298 | D:13     | Reached XP level 13. HP: 114/114 MP: 12/12
 15313 | D:13     | Reached ****** piety under Trog
 15587 | D:13     | Found a gate to the Vaults.
 15843 | D:14     | Reached skill level 16 in Axes
 16616 | D:14     | Received a gift from Trog
 16686 | D:14     | HP: 5/116 [skeletal warrior/+0 halberd (23)]
 17557 | D:15     | Entered Level 15 of the Dungeon
 17596 | D:15     | HP: 4/116 [six-headed hydra (6)]
 17597 | D:15     | Slain by a six-headed hydra

Illustrated notes

Levels and vault maps discovered:
D:1:      ncdulo_lavacross, layout_rooms
D:2:      layout_rooms, mrwooster_statue_mirror, kennysheep_generic_room_7
D:3:      layout_basic, nzn_hepliaklqana_mist_gate, trog_antimagical,
          nicolae_qazlal_scattered_showers, mainiacjoe_overflow_tiny_flanked,
          nicolae_titane
D:4:      layout_basic, mainiacjoe_overflow_boulevard,
          minmay_temple_entry_gardened_gates, serial_glass, glass_columns_b,
          glass_columns_b, gammafunk_ghost_gnarly_gnolls
D:5:      layout_cave_pools, uniq_prince_ribbit1
D:6:      wad_pebble_path, layout_basic, gup_sewer_entry_glass, uniq_pikel
D:7:      layout_rooms, gammafunk_temple_overflow_pools
D:8:      layout_basic, xom_butterflies, dancing_weapons_uskayaw,
          grunt_lair_entry_orc_guard_hut, chequers_serial_rivers_room_a
D:9:      layout_cave_pools, okawaru_altar_gauntlet_db, david_orc_3,
          chequers_serial_rivers_room_b
D:10:     minmay_the_grid_four_pointed_star
          [minmay_the_grid_triangle_9x9_intruding_spiral,
          minmay_the_grid_triangle_9x9_checkered,
          minmay_the_grid_triangle_9x9_minimal,
          minmay_the_grid_triangle_9x9_steps, minmay_the_grid_prize_big_room],
          layout_stronghold, uniq_nergalle
D:11:     layout_roguey [special_room_orc]
D:12:     layout_loops_cross, serial_shops, nicolae_shop_overgrown_old_shop,
          uniq_jorgrun
D:13:     layout_irregular_city, ximxim_vaults_locker_room,
          amcnicky_mini_rare_corridor_liquid, hangedman_decor_points,
          minivault_10
D:14:     dreamdust_cave_troll, layout_loops_ring, minivault_4
D:15:     grunt_enter_depths_magical_seal, layout_loops_ring

Skill      XL: |  1  2  3  4  5  6  7  8  9 10 11 12 13 |
---------------+----------------------------------------+-----
Shields        | 1 2 3 4 5 7 8 9 10 12 | 12.1
Axes           | 4 5 6 7 9 10 12 14 15 16 | 16.4
Fighting       | 4 5 6 7 8 9 10 11 | 11.4
Evocations     | 1 2 3 4 5 6 7 8 9 |  9.0
Armour         | 3 4 5 6 7 9 10 11 12 | 12.5
Dodging        | |  2.1

Action                     |  1- 3 |  4- 6 |  7- 9 | 10-12 | 13-15 || total
---------------------------+-------+-------+-------+-------+-------++-------
  Melee: Hand axe          |    64 |   127 |    14 |       |     7 ||   212
         Headbutt          |     6 |    19 |    51 |   109 |    30 ||   215
         Punch             |       |     4 |     1 |     2 |       ||     7
         War axe           |       |       |   254 |       |       ||   254
         Broad axe         |       |       |    24 |   488 |   128 ||   640
 Invoke: Berserk           |     1 |     4 |     4 |     8 |     1 ||    18
  Evoke: Wand              |       |       |     3 |     7 |     9 ||    19
    Use: Scroll            |       |     7 |     8 |     5 |     1 ||    21
         Potion            |       |       |     1 |     1 |     4 ||     6
   Stab: Sleeping          |     1 |       |       |       |       ||     1
         Paralysed         |       |       |       |     2 |       ||     2
 Armour: Animal skin       |    11 |     2 |       |       |       ||    13
         Chain mail        |       |    13 |       |       |       ||    13
         Plate armour      |       |    47 |   218 |   381 |    80 ||   726
  Dodge: Dodged            |    39 |    59 |   108 |   185 |    27 ||   418
  Block: Buckler           |       |       |       |    71 |    13 ||    84
         Kite shield       |       |       |       |       |   101 ||   101
